 Dungeon Crawl Stone Soup version 0.31.0-11-ge490571c62 (webtiles) character file.

Game seed: 11886945901506499840

23 qw the Shooter (level 2, -5/16 HPs)
             Began as a Deep Elf Hunter on Feb 4, 2024.
             Killed from afar by Sigmund (6 damage)
             ... with a puff of flame
             ... on level 2 of the Dungeon.
             The game lasted 00:00:03 (908 turns).

qw the Shooter (Deep Elf Hunter)                     Turns: 908, Time: 00:00:03

Health: -5/16      AC:  3    Str:  8    XL:     2   Next: 72%
Magic:  4/4        EV: 12    Int: 13    God:
Gold:   0          SH:  0    Dex: 24    Spells: 1/1 levels left

rFire   . . .        a - +0 shortbow
rCold   . . .        (shield currently unavailable)
rNeg    . . .        c - +0 leather armour
rPois   .            (no helmet)
rElec   .            (no cloak)
rCorr   .            (no gloves)
SInv    .            (no boots)
Will    .....        (no amulet)
Stlth   +            g - +6 ring of dexterity
HPRegen 0.22/turn    (no ring)
MPRegen 0.09/turn

%: no passive effects
@: confused, about to teleport
A: no striking features
a: no special abilities


You were on level 2 of the Dungeon.
You visited 1 branch of the dungeon, and saw 2 of its levels.


   Skills:
 - Level 1.5 Fighting
 + Level 6.4 Ranged Weapons
 - Level 2.4 Dodging
 - Level 1.2 Stealth


You had one spell level left.
You didn't know any spells.
Your spell library was empty.

Inventory:

Hand Weapons
 a - a +0 shortbow (weapon)
Armour
 c - a +0 leather armour (worn)
Jewellery
 g - a +6 ring of dexterity (left hand)
Scrolls
 e - a scroll of teleportation
Potions
 f - 2 potions of might

Dungeon Overview and Level Annotations

Branches:
Dungeon (2/15)

Altars:

Annotations:
D:2 Sigmund


Message History

You climb upwards.
There is a stone staircase leading down here.
You start resting.
HP restored.
You climb downwards.
Level annotation: Sigmund Sigmund points at you and mumbles some strange words.
The puff of flame hits you!
Ouch! That really hurt!
The goblin shoots a sling bullet.
The sling bullet hits you.
There is a stone staircase leading up, spattered with blood here.
838 ||| STAIRDANCE The goblin shoots a sling bullet.
The sling bullet hits you.
You climb upwards.
There is a stone staircase leading down here.
You start resting.
HP restored.
You climb downwards.
Level annotation: Sigmund Sigmund points at you and mumbles some strange words.
The puff of flame hits you!
Ouch! That really hurt!
The goblin unwields a +0 sling.
The goblin wields a +0 dagger.
The goblin barely misses you.
There is a stone staircase leading up, spattered with blood here.
905 ||| READING 2 scrolls of teleportation.
As you read the scroll of teleportation, it crumbles to dust.
You feel strangely unstable.
Sigmund casts a spell.
Sigmund flickers and vanishes!
Deactivating autopickup; reactivate with Ctrl-A.
You shoot an arrow. The arrow closely misses the goblin.
The goblin closely misses you.
You shoot an arrow. The arrow barely misses the goblin.
The goblin hits you with a +0 dagger.
You are confused.
The goblin hits you with a +0 dagger.
A puff of flame appears from out of thin air!
The puff of flame hits you.
You die...

.. ..# ###..##
...... ....###
# .....?.
#####.##....#
......g@..#
............#
....).......#
............#
.......{......
............#.#
............# #
...........##


You could see a goblin.

Vanquished Creatures
  3 dart slugs (D:1)
  An endoplasm (D:1)
  4 hobgoblins
  2 kobolds (D:1)
  A ball python (D:1)
  A bat (D:1)
  A frilled lizard (D:1)
  4 rats (D:1)
17 creatures vanquished.

Notes
Turn   | Place    | Note
-------+----------+-------------------------------------------
     0 | D:1      | qw the Deep Elf Hunter began the quest for the Orb.
     0 | D:1      | Reached XP level 1. HP: 12/12 MP: 3/3
     0 | D:1      | 0 ||| qw: Version: 0.3-a-160-g6735b56
     0 | D:1      | 0 ||| qw: Game counter: 5107
     0 | D:1      | 0 ||| qw: Melee chars always use a shield: true
     0 | D:1      | 0 ||| qw: God list: Okawaru
     0 | D:1      | 0 ||| qw: Allow faded altars: false
     0 | D:1      | 0 ||| qw: Do Orc after clearing Dungeon:15 true
     0 | D:1      | 0 ||| qw: Do second Lair branch before Depths: true
     0 | D:1      | 0 ||| qw: Lair rune preference: random
     0 | D:1      | 0 ||| qw: Goals: Normal
     0 | D:1      | 0 ||| PLANNING D:1-11
   272 | D:1      | Reached skill level 6 in Ranged Weapons
   272 | D:1      | Reached XP level 2. HP: 9/16 MP: 4/4
   736 | D:1      | 736 ||| UPGRADING to +6 ring of dexterity.
   737 | D:1      | 737 ||| READING 3 scrolls labelled WYIHUJ LATT.
   737 | D:1      | 737 ||| IDENTIFYING 2 sedimented black potions
   738 | D:1      | 738 ||| READING 2 scrolls of identify.
   738 | D:1      | 738 ||| IDENTIFYING scroll labelled ELUIMAWK KENWU
   739 | D:1      | 739 ||| READING scroll of identify.
   739 | D:1      | 739 ||| IDENTIFYING 2 scrolls labelled CENERHIEPA
   740 | D:1      | 740 ||| DROPPING scroll of butterflies.
   741 | D:1      | 741 ||| DROPPING scroll of fear.
   744 | D:2      | Noticed Sigmund
   750 | D:2      | 750 ||| STAIRDANCE
   762 | D:2      | HP: 4/16 [Sigmund/+0 scythe (12)]
   763 | D:2      | 763 ||| STAIRDANCE
   821 | D:2      | 821 ||| STAIRDANCE
   838 | D:2      | 838 ||| STAIRDANCE
   838 | D:2      | HP: 1/16 [goblin/sling bullet (4)]
   904 | D:2      | HP: 3/16 [Sigmund/puff of flame (13)]
   905 | D:2      | 905 ||| READING 2 scrolls of teleportation.
   907 | D:2      | HP: 1/16 [goblin/+0 dagger (1)]
   908 | D:2      | Killed from afar by Sigmund

Levels and vault maps discovered:
D:1:      elethiomel_arrival_infinity_welcomes_careful_drivers,
          layout_loops_ring, minmay_pentomino_x2
D:2:      layout_rooms, grunt_decor_fettered, uniq_sigmund

Skill      XL: |  1 |
---------------+----+-----
Ranged Weapons | 6 |  6.4
Fighting       | |  1.5
Dodging        | |  2.4
Stealth        | |  1.2

Action                     || total
---------------------------++-------
   Fire: Shortbow          ||    66
    Use: Scroll            ||     4
 Armour: Leather armour    ||    26
  Dodge: Dodged            ||    27

Table legend:
 A = Non-vault XP
 B = Vault XP
 C = Vault XP percentage of total XP
 D = Non-vault monster count
 E = Vault monster count
 F = Vault count percentage of total count
                 A         B        C        D         E       F
            +---------+---------+-------+---------+---------+-------
      Total |      28 |       5 |  15.2 |      15 |       2 |  11.8
            +---------+---------+-------+---------+---------+-------
        D:1 |      26 |       5 |  16.1 |      14 |       2 |  12.5
        D:2 |       2 |       0 |   0.0 |       1 |       0 |   0.0
            +---------+---------+-------+---------+---------+-------
